 Dungeon Sprint DCSS version 0.30.1-9-gdf580d7c3d (webtiles) character file.

Game seed: 12982218483754847556

36 Heoruswealwe the Conjurer (level 3, -5/19 HPs)
             Began as a Deep Elf Conjurer on Oct 10, 2023.
             Slain by a sleepcap (13 damage)
             ... in the Dungeon (Sprint IX: "|||||||||||||||||||||||||||||").
             The game lasted 00:02:02 (135 turns).

Heoruswealwe the Conjurer (Deep Elf Conjurer)        Turns: 135, Time: 00:02:02

Health: -5/19      AC:  2    Str:  4    XL:     3   Next: 19%
Magic:  11/13      EV:  2    Int: 24    God:
Gold:   0          SH:  0    Dex: 13    Spells: 14/15 levels left

rFire   . . .        a - +0 dagger
rCold   . . .        (no shield)
rNeg    . . .        c - +0 robe
rPois   .            (no helmet)
rElec   .            (no cloak)
rCorr   .            (no gloves)
SInv    .            (no boots)
Will    .....        (no amulet)
Stlth   ++           (no ring)
HPRegen 0.23/turn    (no ring)
MPRegen 0.13/turn

%: no teleportation
@: sleeping, on berserk cooldown, slowed
A: no striking features
a: no special abilities


You were in the Dungeon.
You visited 1 branch

Inventory:

Hand Weapons
 a - a +0 dagger (weapon)
Armour
 c - a +0 robe (worn)
Potions
 b - 3 potions of magic
 e - a potion of haste
 h - a potion of curing


   Skills:
 - Level 2.4 Dodging
 - Level 2.4 Stealth
 + Level 6.6 Spellcasting
 + Level 6.6 Conjurations


You had 14 spell levels left.
You knew the following spells:

 Your Spells              Type           Power      Damage    Failure   Level
a - Magic Dart            Conj           100%       1d8       1%          1

Your spell library contained the following spells:

 Spells                   Type           Power      Damage    Failure   Level
 Searing Ray              Conj           78%        2d7       1%          2
 Dazzling Flash           Conj/Hex       46%        N/A       6%          3
 Fulminant Prism          Conj/Hex       11%        3d8       19%         4
 Iskenderun's Mystic Bla  Conj/Tloc      23%        2d6       19%         4


Dungeon Overview and Level Annotations

Branches:
Dungeon (1/1)

Altars:


Message History

Your Conjurations skill increases to level 6!
You have reached level 2!
You have reached level 3!
Your experience leads to an increase in your attributes!
Increase (S)trength, (I)ntelligence, or (D)exterity?
You feel clever. x2
You barely miss the adder. The adder closely misses you.
You barely miss the adder. The adder barely misses you.
You closely miss the adder. The adder closely misses you.
You closely miss the adder. The adder bites you.
* * * LOW HITPOINT WARNING * * *
You miss the adder. The adder bites you.
* * * LOW HITPOINT WARNING * * *
You feel a strong urge to attack something.
You are no longer berserk.
You are exhausted.
You feel yourself slow down.
You see here 5 stones.
The hound pauses to sniff the ground.
The jackal pauses to sniff the ground.
The adder barely misses you.
There is an open door to the Dungeon here.
The adder barely misses you.
Blink to where?
Press: ? - help, Dir - move target
As you read the scroll of blinking, it crumbles to dust.
You feel much better. The sleepcap releases spores at you!
The sleepcap misses you.
You hit the sleepcap but do no damage. The sleepcap releases spores at you.
You hit the sleepcap but do no damage. The sleepcap closely misses you.
The sleepcap releases spores at you.
You hit the sleepcap but do no damage.
The hound pauses to sniff the ground.
The sleepcap closely misses you.
You hit the sleepcap but do no damage. The sleepcap releases spores at you.
You are engulfed in a cloud of soporific spores!
You fall asleep.
The sleepcap barely misses you. The sleepcap releases spores at you!
Ouch! That really hurt!
You die...

▓†▓
▓.▓
▓'▓
▓(▓
▓S▓
▓h▓
▓h▓
▓f▓
▓@▓
▓.▓
▓.▓
▓.▓
▓.▓
▓.▓
▓+▓


You could see a sleepcap, a hound, an adder and a jackal.

Vanquished Creatures
  A hound (D)
  An endoplasm (D)
  A hobgoblin (D)
  2 quokkas (D)
  A kobold (D)
6 creatures vanquished.

Notes
Turn   | Place    | Note
-------+----------+-------------------------------------------
     0 | D        | Heoruswealwe the Deep Elf Conjurer began the quest for the
                  | Orb.
     0 | D        | Reached XP level 1. HP: 10/10 MP: 6/6
     8 | D        | Reached skill level 5 in Conjurations
   107 | D        | Noticed a hound
   107 | D        | Noticed a hound
   107 | D        | Noticed a sleepcap
   117 | D        | Killed a hound
   118 | D        | Reached XP level 2. HP: 7/15 MP: 8/11
   118 | D        | Reached XP level 3. HP: 10/19 MP: 9/13
   135 | D        | Slain by a sleepcap

Illustrated notes

Levels and vault maps discovered:
D:        linesprint [early_d, line_temple, items_1, d_10, items_2, lair_1,
          lair_end, items_3, orc_1, orc_end, items_4, d_15, swamp_1, shoals_1,
          snake_1, spider_1, d_20, vaults_1, items_5, swamp_end, shoals_end,
          snake_end, spider_end, vaults_end, d_27, items_6, zot_1, zot_end,
          crypt_end, forest_end, elf_end, slime_end, tomb_end, abyss_end,
          pan_hell_end]

Skill      XL: |  1 |
---------------+----+-----
Spellcasting   | 6 |  6.6
Conjurations   | 6 |  6.6
Dodging        | |  2.4
Stealth        | |  2.4

Action                     || total
---------------------------++-------
  Melee: Dagger            ||    18
         Unarmed           ||     9
   Cast: Magic Dart        ||     8
    Use: Potion            ||     2
         Scroll            ||     1
 Armour: Robe              ||     2
  Dodge: Dodged            ||    19
